Workbook
Name cronog: #REF!
Name Excel_BuiltIn_Print_Area_1: #REF!
Name Excel_BuiltIn_Print_Area_1: #REF!
Name Excel_BuiltIn_Print_Area_1_1: #REF!
Name Excel_BuiltIn_Print_Area_1_1: #REF!
Name Excel_BuiltIn_Print_Titles_1_1: #REF!
Name Excel_BuiltIn_Print_Titles_1_1: #REF!
Name Excel_BuiltIn_Print_Titles_1_1_1: #REF!
Name Excel_BuiltIn_Print_Titles_1_1_1: #REF!
Name TABLE_10_2: #REF!
Name TABLE_10_2: #REF!
Name TABLE_11_2: #REF!
Name TABLE_11_2: #REF!
Name TABLE_12_2: #REF!
Name TABLE_12_2: #REF!
Name TABLE_13_2: #REF!
Name TABLE_13_2: #REF!
Name TABLE_14_2: #REF!
Name TABLE_14_2: #REF!
Name TABLE_15_2: #REF!
Name TABLE_15_2: #REF!
Name TABLE_16_2: #REF!
Name TABLE_16_2: #REF!
Name TABLE_17_2: #REF!
Name TABLE_17_2: #REF!
Name TABLE_18_2: #REF!
Name TABLE_18_2: #REF!
Name TABLE_19_2: #REF!
Name TABLE_19_2: #REF!
Name TABLE_2: #REF!
Name TABLE_2: #REF!
Name TABLE_2_2: #REF!
Name TABLE_2_2: #REF!
Name TABLE_20_2: #REF!
Name TABLE_20_2: #REF!
Name TABLE_21_2: #REF!
Name TABLE_21_2: #REF!
Name TABLE_22_2: #REF!
Name TABLE_22_2: #REF!
Name TABLE_23_2: #REF!
Name TABLE_23_2: #REF!
Name TABLE_24_2: #REF!
Name TABLE_24_2: #REF!
Name TABLE_25_2: #REF!
Name TABLE_25_2: #REF!
Name TABLE_26_2: #REF!
Name TABLE_26_2: #REF!
Name TABLE_27_2: #REF!
Name TABLE_27_2: #REF!
Name TABLE_28_2: #REF!
Name TABLE_28_2: #REF!
Name TABLE_29_2: #REF!
Name TABLE_29_2: #REF!
Name TABLE_3_2: #REF!
Name TABLE_3_2: #REF!
Name TABLE_30_2: #REF!
Name TABLE_30_2: #REF!
Name TABLE_31_2: #REF!
Name TABLE_31_2: #REF!
Name TABLE_32_2: #REF!

Sheet CRONOGRAMA FÍSICO-FINANCEIRO
E2: CRONOGRAMA FÍSICO-FINANCEIRO
B5: ITEM | C5: DESCRIÇÃO | D5: VALOR (R$) | E5: MÊS 1 | F5: MÊS 2 | G5: MÊS 3 | H5: MÊS 4 | I5: MÊS 5 | J5: MÊS 6 | K5: MÊS 7 | L5: MÊS 8 | M5: MÊS 9 | N5: MÊS 10 | O5: MÊS 11 | P5: MÊS 12
B6: 1.0 | C6: CANTEIRO DE OBRAS | D6: =#REF! -> #REF! | E6: =$E$7/$D$6 -> #REF! | F6: =$E$7/$D$6 -> #REF! | G6: =$E$7/$D$6 -> #REF! | H6: =$E$7/$D$6 -> #REF! | I6: =$E$7/$D$6 -> #REF! | J6: =$E$7/$D$6 -> #REF! | K6: =$E$7/$D$6 -> #REF! | L6: =$E$7/$D$6 -> #REF! | ... P6: =$E$7/$D$6 -> #REF!
E7: =$D$6/12 -> #REF! | F7: =$D$6/12 -> #REF! | G7: =$D$6/12 -> #REF! | H7: =$D$6/12 -> #REF! | I7: =$D$6/12 -> #REF! | J7: =$D$6/12 -> #REF! | K7: =$D$6/12 -> #REF! | L7: =$D$6/12 -> #REF! | ... P7: =$D$6/12 -> #REF!
B8: 2.0 | C8: MANUTENÇÃO PREVENTIVA DE VÁLVULA REDUTORA DE PRESSÃO | E8: =$E$7/$D$6 -> #REF! | F8: =$E$7/$D$6 -> #REF! | G8: =$E$7/$D$6 -> #REF! | H8: =$E$9/$D$8 -> #DIV/0! | I8: =$E$9/$D$8 -> #DIV/0! | J8: =$E$9/$D$8 -> #DIV/0! | K8: =$E$9/$D$8 -> #DIV/0! | L8: =$E$9/$D$8 -> #DIV/0! | M8: =$E$9/$D$8 -> #DIV/0! | N8: =$E$9/$D$8 -> #DIV/0! | O8: =$E$9/$D$8 -> #DIV/0! | P8: =$E$9/$D$8 -> #DIV/0!
C9: MANUTENÇÃO PREVENTIVA DE VÁLVULA REDUTORA DE PRESSÃO
B10: 3.0 | C10: MANUTENÇÃO CORRETIVA DE VÁLVULA REDUTORA DE PRESSÃO | D10: =#REF! -> #REF! | E10: =$E$7/$D$6 -> #REF! | F10: =$E$7/$D$6 -> #REF! | G10: =$E$7/$D$6 -> #REF! | H10: =$E$7/$D$6 -> #REF! | I10: =$E$7/$D$6 -> #REF! | J10: =$E$7/$D$6 -> #REF! | K10: =$E$7/$D$6 -> #REF! | L10: =$E$7/$D$6 -> #REF! | ... P10: =$E$7/$D$6 -> #REF!
E11: =$D$10/12 -> #REF! | F11: =$D$10/12 -> #REF! | G11: =$D$10/12 -> #REF! | H11: =$D$10/12 -> #REF! | I11: =$D$10/12 -> #REF! | J11: =$D$10/12 -> #REF! | K11: =$D$10/12 -> #REF! | L11: =$D$10/12 -> #REF! | ... P11: =$D$10/12 -> #REF!
B12: 4.0 | C12: =#REF! -> #REF! | D12: =#REF! -> #REF! | E12: =$E$7/$D$6 -> #REF! | F12: =$E$7/$D$6 -> #REF! | G12: =$E$7/$D$6 -> #REF! | H12: =$E$7/$D$6 -> #REF! | I12: =$E$7/$D$6 -> #REF! | J12: =$E$7/$D$6 -> #REF! | K12: =$E$7/$D$6 -> #REF! | L12: =$E$7/$D$6 -> #REF! | ... P12: =$E$7/$D$6 -> #REF!
E13: =$D$12/12 -> #REF! | F13: =$D$12/12 -> #REF! | G13: =$D$12/12 -> #REF! | H13: =$D$12/12 -> #REF! | I13: =$D$12/12 -> #REF! | J13: =$D$12/12 -> #REF! | K13: =$D$12/12 -> #REF! | L13: =$D$12/12 -> #REF! | ... P13: =$D$12/12 -> #REF!
B14: 5.0 | C14: =_xlfn.SINGLE(#REF!) -> #NAME? | D14: =#REF! -> #REF! | E14: =$E$7/$D$6 -> #REF! | F14: =$E$7/$D$6 -> #REF! | G14: =$E$7/$D$6 -> #REF! | H14: =$E$7/$D$6 -> #REF! | I14: =$E$7/$D$6 -> #REF! | J14: =$E$7/$D$6 -> #REF! | K14: =$E$7/$D$6 -> #REF! | L14: =$E$7/$D$6 -> #REF! | ... P14: =$E$7/$D$6 -> #REF!
E15: =$D$14/12 -> #REF! | F15: =$D$14/12 -> #REF! | G15: =$D$14/12 -> #REF! | H15: =$D$14/12 -> #REF! | I15: =$D$14/12 -> #REF! | J15: =$D$14/12 -> #REF! | K15: =$D$14/12 -> #REF! | L15: =$D$14/12 -> #REF! | ... P15: =$D$14/12 -> #REF!
B16: 6.0 | C16: =_xlfn.SINGLE(#REF!) -> #NAME? | D16: =#REF! -> #REF! | E16: =$E$7/$D$6 -> #REF! | F16: =$E$7/$D$6 -> #REF! | G16: =$E$7/$D$6 -> #REF! | H16: =$E$7/$D$6 -> #REF! | I16: =$E$7/$D$6 -> #REF! | J16: =$E$7/$D$6 -> #REF! | K16: =$E$7/$D$6 -> #REF! | L16: =$E$7/$D$6 -> #REF! | ... P16: =$E$7/$D$6 -> #REF!
E17: =$D$16/12 -> #REF! | F17: =$D$16/12 -> #REF! | G17: =$D$16/12 -> #REF! | H17: =$D$16/12 -> #REF! | I17: =$D$16/12 -> #REF! | J17: =$D$16/12 -> #REF! | K17: =$D$16/12 -> #REF! | L17: =$D$16/12 -> #REF! | ... P17: =$D$16/12 -> #REF!
B18: TOTAL GERAL | D18: =SUM(D6:D17) -> #REF! | E18: =$E$7/$D$6 -> #REF! | F18: =$E$7/$D$6 -> #REF! | G18: =$E$7/$D$6 -> #REF! | H18: =$E$7/$D$6 -> #REF! | I18: =$E$7/$D$6 -> #REF! | J18: =$E$7/$D$6 -> #REF! | K18: =$E$7/$D$6 -> #REF! | L18: =$E$7/$D$6 -> #REF! | ... P18: =$E$7/$D$6 -> #REF!
B19: CUSTO MENSAL (R$): | E19: =SUM(E7+E9+E11+E13+E15+E17) -> #REF! | F19: =SUM(F7,F9,F11,F13,F15,F17) -> #REF! | G19: =SUM(G7,G9,G11,G13,G15,G17) -> #REF! | H19: =SUM(H7,H9,H11,H13,H15,H17) -> #REF! | I19: =SUM(I7,I9,I11,I13,I15,I17) -> #REF! | J19: =SUM(J7,J9,J11,J13,J15,J17) -> #REF! | K19: =SUM(K7,K9,K11,K13,K15,K17) -> #REF! | L19: =SUM(L7,L9,L11,L13,L15,L17) -> #REF! | M19: =SUM(M7,M9,M11,M13,M15,M17) -> #REF! | ... P19: =SUM(P7,P9,P11,P13,P15,P17) -> #REF!
B20: CUSTO ACUMULADO (R$): | E20: =E19 -> #REF! | F20: =F19+E20 -> #REF! | G20: =G19+F20 -> #REF! | H20: =H19+G20 -> #REF! | I20: =I19+H20 -> #REF! | J20: =J19+I20 -> #REF! | K20: =K19+J20 -> #REF! | L20: =L19+K20 -> #REF! | M20: =M19+L20 -> #REF! | ... P20: =P19+O20 -> #REF!
B21: PORCENTAGEM MENSAL (R$): | E21: 0.0833 | F21: 0.0833 | G21: 0.0833 | H21: 0.0833 | I21: 0.0833 | J21: 0.0833 | K21: 0.0833 | L21: 0.0833 | M21: 0.0833 | N21: 0.0833 | O21: 0.0833 | P21: 0.0833
B22: PORCENTAGEM ACUMULADA (R$): | E22: 0.0833 | F22: =E22+F21 -> 0.1666 | G22: =F22+G21 -> 0.2499 | H22: =G22+H21 -> 0.3332 | I22: =H22+I21 -> 0.4165 | J22: =I22+J21 -> 0.4998 | K22: =J22+K21 -> 0.5831 | L22: =K22+L21 -> 0.6664 | M22: =L22+M21 -> 0.7497 | ... P22: =O22+P21 -> 0.9996

Sheet BDI 
C3: DEPARTAMENTO DE ÁGUA E ESGOTO DE AMERICANA-SP
A7: COMPOSIÇÃO DAS TAXAS DE BDI PARA MATERIAL E MÃO DE OBRA
B10: COMPOSIÇÃO DAS TAXAS DE BDI - MATERIAL
C12: Item componente do BDI | D12: 1º Quartil | E12: Médio | F12: 3º Quartil | G12: Valores Propostos
B13: AC | C13: Administração Central | D13: 0.015 | E13: 0.0345 | F13: 0.0449 | G13: 0.0345
B14: SG | C14: Seguro + Garantia | D14: 0.003 | E14: 0.0048 | F14: 0.0082 | G14: 0.0048
B15: R | C15: Risco | D15: 0.0056 | E15: 0.0085 | F15: 0.0089 | G15: 0.0085
B16: DF | C16: Despesas Financeiras | D16: 0.0085 | E16: 0.0085 | F16: 0.0111 | G16: 0.0085
B17: L | C17: Lucro | D17: 0.035 | E17: 0.0511 | F17: 0.0622 | G17: 0.0396
B18: I1 | C18: PIS e COFINS | D18: 0.0365 | E18: 0.0365 | F18: 0.0365 | G18: 0.0365
B19: I2 | C19: ISSQN (conforme legislação municipal) | D19: 0 | E19: 0 | F19: 0 | G19: 0
B21: BDI - SEM Desoneração folha pagamento | D21: 0.111 | E21: 0.1402 | F21: 0.168 | G21: =((1+G13+G14+G15)*(1+G16)*(1+G17)/(1-G18-G19))-1 -> 0.140168
B25: COMPOSIÇÃO DAS TAXAS DE BDI - MÃO DE OBRA
C27: Item componente do BDI | D27: 1º Quartil | E27: Médio | F27: 3º Quartil | G27: Valores Propostos
B28: AC | C28: Administração Central | D28: 0.0343 | E28: 0.0493 | F28: 0.0671 | G28: =D28 -> 0.0343
B29: SG | C29: Seguro + Garantia | D29: 0.0028 | E29: 0.0049 | F29: 0.0075 | G29: 0.0049
B30: R | C30: Risco | D30: 0.01 | E30: 0.0139 | F30: 0.0174 | G30: 0.0131
B31: DF | C31: Despesas Financeiras | D31: 0.0094 | E31: 0.0099 | F31: 0.0117 | G31: 0.0099
B32: L | C32: Lucro | D32: 0.0674 | E32: 0.0804 | F32: 0.094 | G32: =D32 -> 0.0674
B33: I1 | C33: PIS e COFINS | D33: 0.0365 | E33: 0.0365 | F33: 0.0365 | G33: 0.0365
B34: I2 | C34: ISSQN (conforme legislação municipal) | D34: 0.05 | E34: 0.05 | F34: 0.05 | G34: 0.05
B37: BDI - SEM Desoneração folha pagamento | D37: 0.2076 | E37: 0.2418 | F37: 0.2644 | G37: =((1+G28+G29+G30)*(1+G31)*(1+G32)/(1-G33-G34))-1 -> 0.24175692
B40: Fórmula de Cálculo: BDI (SEM Desoneração) = [(1 + AC + SG + R) * (1 + DF) * (1 + L) / (1 - I1 - I2)] - 1
B44: OBS.: | C44: 1. Valores das colunas "1º Quartil", "Médio" e "3º Quartil", conforme Acórdão n° 2622/2013 - TCU - Plenário, para
C45: obras de construção de redes de abastecimento de água, coleta de esgoto e construções correlatas.
C47: 2. A coluna "Valores Propostos" é apenas para referência, sendo que a licitante deverá apresentar os valores que
C48: estejam de acordo com a sua composição
C50: 3. Valores do PIS = 0,65% e do COFINS = 3,00%, considerando a opção por "Lucro Presumido"
A55: Pedro Alberto Caes
B57: 6.3
B58: 6.4
B59: 6.5
B60: 6.6
B61: 6.7
B62: 6.8
B63: 6.9
B64: 6.10
B65: 6.11
B66: 6.12
B67: 6.13
B68: 6.14
... B108: 6.54

Sheet Resumo
B1: ____/___/2026
B2: DEPARTAMENTO DE ÁGUA E ESGOTO DE AMERICANA
B3: Orçamento Sintético Global
B4: FORNECIMENTO E INSTALAÇÃO DE MACRO MEDIDORES DE VAZÃO E VÁLVULAS REDUTORAS DE PRESSÃO E DELIMITAÇÃO DE ÁREAS DE INFLUÊNCIA
B6: Leis Sociais = 92,70% | BDI = 26,98%
B7: DATA BASE - REGIÃO: SABESP Jan/26; SINAPI/SP Jan/26; CDHU Jan/26; SBC Fev/26 ; PNPC
B8: RESUMO
A10: Item | B10: Frente | H10: Valor (R$)
A11: 1 | B11: =CANTEIRO!C7 -> CANTEIRO E ADMINISTRAÇÃO LOCAL | H11: =CANTEIRO!I38 -> 0
A12: 2 | B12: MACRO MEDIDORES | H12: =MACROS!I254 -> 0
A13: 3 | B13: VÁLVULAS REDUTORAS DE PRESSÃO | H13: =VRPS!I443 -> 0
A14: TOTAL GERAL (R$) | H14: =SUM(H11:I13) -> 0

Sheet CANTEIRO
B1: =Resumo!B1 -> ____/___/2026
C2: DEPARTAMENTO DE ÁGUA E ESGOTO DE AMERICANA
C3: Orçamento Sintético Global
C4: =Resumo!B4 -> FORNECIMENTO E INSTALAÇÃO DE MACRO MEDIDORES DE VAZÃO E VÁLVULAS REDUTORAS DE PRESSÃO E DELIMITAÇÃO DE ÁREAS DE INFLUÊNCIA
C6: =Resumo!B7 -> DATA BASE - REGIÃO: SABESP Jan/26; SINAPI/SP Jan/26; CDHU Jan/26; SBC Fev/26 ; PNPC
C7: CANTEIRO E ADMINISTRAÇÃO LOCAL
G8: Leis Sociais = | I8: 0.927
G9: BDI insumos - obras e serviços = | I9: 0.2698
A10: ITEM | B10: CÓDIGO | C10: FONTE | D10: DESCRIÇÃO | E10: UNID. | F10: QUANT. | G10: PREÇO UNIT. S/BDI (R$) | H10: PREÇO UNIT. C/BDI (R$) | I10: PREÇO TOTAL (R$)
A11: 1 | B11: CANTEIRO DE OBRAS
A12: 1.1 | B12: LOCAÇÕES
A13: 1.1.1 | B13: 21101 | C13: SBC | D13: MOBILIZACAO/DESMOBILIZACAO/MAO DE OBRA E EQUIP. | E13: UND | F13: 1 | H13: =G13*(1+$I$9) -> 0 | I13: =TRUNC(F13*H13,2) -> 0
A14: 1.1.2 | B14: 02.02.150 | C14: CDHU | D14: LOCAÇÃO DE CONTAINER TIPO DEPÓSITO - ÁREA MÍNIMA 13,80 m² | E14: MES | F14: 4 | H14: =G14*(1+$I$9) -> 0 | I14: =TRUNC(F14*H14,2) -> 0
A15: 1.1.3 | B15: 02.02.120 | C15: CDHU | D15: LOCAÇÃO DE CONTAINER TIPO ALOJAMENTO - ÁREA MÍNIMA 13,80 m² | E15: MES | F15: 4 | H15: =G15*(1+$I$9) -> 0 | I15: =TRUNC(F15*H15,2) -> 0
A16: 1.1.4 | B16: 02.02.140 | C16: CDHU | D16: LOCAÇÃO DE CONTAINER TIPO ESCRITÓRIO COM 2 VASOS SANITÁRIOS, 2 LAVATÓRIOS, 2 MICTÓRIOS E 4 PONTOS PARA CHUVEIRO - ÁREA MÍNIMA DE 13,80 M² | E16: MES | F16: 4 | H16: =G16*(1+$I$9) -> 0 | I16: =TRUNC(F16*H16,2) -> 0
A17: 1.1.5 | B17: 02.01.180 | C17: CDHU | D17: BANHEIRO QUÍMICO MODELO STANDARD, COM MANUTENÇÃO CONFORME EXIGÊNCIAS DA CESTESB | E17: MES | F17: 4 | H17: =G17*(1+$I$9) -> 0 | I17: =TRUNC(F17*H17,2) -> 0
A18: 1.1.6 | B18: 12710 | C18: SBC | D18: DESPESAS GERAIS DE MANUTENCAO CANTEIRO DE OBRAS | E18: MES | F18: 4 | H18: =G18*(1+$I$9) -> 0 | I18: =TRUNC(F18*H18,2) -> 0
A19: 1.2 | B19: INSTALAÇÕES PROVISÓRIAS
A20: 1.2.1 | B20: 12074 | C20: SBC | D20: INSTALACAO PROVISORIA DE ENERGIA COM POSTE/MEDIDOR/ATERRAMENTO | E20: UND | F20: 1 | H20: =G20*(1+$I$9) -> 0 | I20: =TRUNC(F20*H20,2) -> 0
A21: SUBTOTAL | I21: =SUM(I13:I20) -> 0
A22: 2 | B22: ADMINISTRAÇÃO
A23: 2.1 | B23: ADMINISTRAÇÃO LOCAL
A24: 2.1.1 | B24: 90778 | C24: SINAPI | D24: ENGENHEIRO CIVIL DE OBRA PLENO | E24: H | F24: =2*120 -> 240 | H24: =G24*(1+$I$9) -> 0 | I24: =TRUNC(F24*H24,2) -> 0
A25: SUBTOTAL | I25: =SUM(I23:I24) -> 0
A26: 3 | B26: PLACA DA OBRA
A27: 3.1 | B27: PLACA EM AÇO
A28: 3.1.1 | B28: CV00609 | C28: SABESP | D28: PLACA AÇO GALV ESP=1,30 MM INCLUSIVE PINTURA PARA IDENTIFICAÇÃO DE OBRAS | E28: M² | F28: =0.8*0.6 -> 0.48 | H28: =G28*(1+$I$9) -> 0 | I28: =TRUNC(F28*H28,2) -> 0
A29: SUBTOTAL | I29: =SUM(I27:I28) -> 0
A30: 4 | B30: SERVIÇOS TÉCNICOS
A31: 4.1 | B31: LOCAÇÃO DE OBRAS PONTUAIS
A32: 4.1.1 | B32: 70010008 | C32: SABESP | D32: LOCAÇÃO DE OBRAS LOCALIZADAS | E32: EQD | F32: 1 | H32: =G32*(1+$I$9) -> 0 | I32: =TRUNC(F32*H32,2) -> 0
A33: 4.2 | B33: CADASTRO DE OBRAS PONTUAIS
A34: 4.2.1 | B34: 70010009 | C34: SABESP | D34: CADASTRO DE OBRAS LOCALIZADAS | E34: EQD | F34: 1 | H34: =G34*(1+$I$9) -> 0 | I34: =TRUNC(F34*H34,2) -> 0
A35: 4.3 | B35: EXECUÇÃO DE SONDAGENS
A36: 4.3.1 | B36: 70180006 | C36: SABESP | D36: SONDAGEM DE REDES E PEÇAS LOCALIZADAS (CAVAS) COM PAVIMENTAÇÃO | E36: UND | F36: =MACROS!F27+MACROS!F57+MACROS!F58+MACROS!F92+MACROS!F93+MACROS!F112+MACROS!F131+MACROS!F152+MACROS!F183+MACROS!F205 -> 12 | H36: =G36*(1+$I$9) -> 0 | I36: =TRUNC(F36*H36,2) -> 0
A37: SUBTOTAL | I37: =SUM(I32:I36) -> 0
A38: TOTAL GERAL: | I38: =I21+I25+I29+I37 -> 0

Sheet MACROS
B1: =Resumo!B1 -> ____/___/2026
C2: DEPARTAMENTO DE ÁGUA E ESGOTO DE AMERICANA
C3: Orçamento Sintético Global
C4: =Resumo!B4 -> FORNECIMENTO E INSTALAÇÃO DE MACRO MEDIDORES DE VAZÃO E VÁLVULAS REDUTORAS DE PRESSÃO E DELIMITAÇÃO DE ÁREAS DE INFLUÊNCIA
C6: =CANTEIRO!C6 -> DATA BASE - REGIÃO: SABESP Jan/26; SINAPI/SP Jan/26; CDHU Jan/26; SBC Fev/26 ; PNPC
C7: MACRO MEDIDORES
G8: Leis Sociais = | I8: 0.927
G9: BDI insumos - obras e serviços = | I9: 0.2698
A10: MACRO MEDIDORES - SAÍDA DOS RESERVATÓRIOS
A11: CR01 - SÃO VITO
A12: ITEM | B12: CÓDIGO | C12: FONTE | D12: DESCRIÇÃO | E12: UNID. | F12: QUANT. | G12: PREÇO UNIT. S/BDI (R$) | H12: PREÇO UNIT. C/BDI (R$) | I12: PREÇO TOTAL (R$)
A13: 1 | B13: MOVIMENTO DE TERRA
A14: 1.1 | B14: ESCAVACOES, CARGAS E TRANSPORTES
A15: 1.1.1 | B15: 70030060 | C15: SABESP | D15: ESCAVAÇÃO EM QUALQUER TERRENO, EXCETO ROCHA, PROF. DE 1,25 A 3,00 M (A) | E15: M³ | F15: =2.9*2.9*2.6 -> 21.866 | H15: =G15*(1+$I$9) -> 0 | I15: =ROUND((F15*H15),2) -> 0
A16: 1.2 | B16: ATERRO E COMPACTACAO
A17: 1.2.1 | B17: 70030020 | C17: SABESP | D17: ATERRO DE VALAS, POÇOS E CAVAS COMPACTADO MECANICAMENTE, COM CONTROLE DO G.C. >= 95% DO E.N.C. (A) | E17: M³ | F17: =F15-(1.9*1.9*2.6) -> 12.48 | H17: =G17*(1+$I$9) -> 0 | I17: =ROUND((F17*H17),2) -> 0
A18: =CONCATENATE("SUBTOTAL ",A13) -> SUBTOTAL 1 | I18: =SUM(I15:I17) -> 0
A19: 2 | B19: INSTALAÇÃO DE MACRO MEDIDORES
A20: 2.1 | B20: INSUMOS
A21: 2.1.1 | B21: HM06175 | C21: SABESP | D21: Colar de tomada tipo meia-cana DN250 mm x 1.1/2" FoFo | E21: UND | F21: 1 | H21: =G21*(1+$I$9) -> 0 | I21: =TRUNC(F21*H21,2) -> 0
A22: 2.1.2 | B22: - | C22: PNCP | D22: Registro Esfera 1.1/2" | E22: UND | F22: 1 | H22: =G22*(1+$I$9) -> 0 | I22: =TRUNC(F22*H22,2) -> 0
A23: 2.1.3 | B23: - | C23: PNCP | D23: Medidor De Vazão Tipo Turbina- Inserção | E23: UND | F23: 1 | H23: =G23*(1+$I$9) -> 0 | I23: =TRUNC(F23*H23,2) -> 0
A24: 2.2 | B24: INSTALAÇÃO
A25: 2.2.1 | B25: =Composições!A52 -> COMP. 05 | C25: CPU | D25: =Composições!A51 -> INSTALAÇÃO DE MACROMEDIDOR DE VAZÃO, TIPO INSERÇÃO, NÃO INTRUSIVO, INCLUSIVE A REALIZAÇÃO DE PITOMETRIA | E25: UND | F25: 1 | H25: =G25*(1+$I$9) -> 0 | I25: =TRUNC(F25*H25,2) -> 0
A26: 2.3 | B26: ABRIGO
A27: 2.3.1 | B27: =Composições!A10 -> COMP. 01 | C27: CPU | D27: =Composições!A9 -> CAIXA PARA PROTEÇÃO PARA MACROMEDIDOR DE VAZÃO TIPO INSERÇÃO - 1,60 X 1,60 M - LOCALIZADOS EM ÁREA INTERNA | E27: UND | F27: 1 | H27: =G27*(1+$I$9) -> 0 | I27: =TRUNC(F27*H27,2) -> 0
A28: SUBTOTAL 2 | I28: =SUM(I20:I27) -> 0
A29: TOTAL MACRO MEDIDORES CR-01: | I29: =I28+I18 -> 0
A30: CR02 - CENTRO
A31: ITEM | B31: CÓDIGO | C31: FONTE | D31: DESCRIÇÃO | E31: UNID. | F31: QUANT. | G31: PREÇO UNIT. S/BDI (R$) | H31: PREÇO UNIT. C/BDI (R$) | I31: PREÇO TOTAL (R$)
A32: 1 | B32: SERVIÇOS INICIAIS
A33: 1.1 | B33: SINALIZAÇÃO E SEGURANÇA
A34: 1.1.1 | B34: 70020004 | C34: SABESP | D34: SINALIZAÇÃO DE TRÁFEGO | E34: M | F34: 15 | H34: =G34*(1+$I$9) -> 0 | I34: =ROUND((F34*H34),2) -> 0
A35: 1.2 | B35: DEMOLICOES E RETIRADAS
A36: 1.2.1 | B36: 97635 | C36: SINAPI | D36: REMOÇÃO DE PISO DE BLOCO INTERTRAVADO OU DE PEDRA PORTUGUESA, DE FORMA MANUAL, COM REAPROVEITAMENTO. AF_09/2023 | E36: M² | F36: =2.9*2.9 -> 8.41 | H36: =G36*(1+$I$9) -> 0 | I36: =ROUND((F36*H36),2) -> 0
A37: =CONCATENATE("SUBTOTAL ",A32) -> SUBTOTAL 1 | I37: =SUM(I34:I36) -> 0
A38: 2 | B38: MOVIMENTO DE TERRA
A39: 2.1 | B39: ESCAVACOES, CARGAS E TRANSPORTES
A40: 2.1.1 | B40: 70030060 | C40: SABESP | D40: ESCAVAÇÃO EM QUALQUER TERRENO, EXCETO ROCHA, PROF. DE 1,25 A 3,00 M (A) | E40: M³ | F40: =(2.9*2.9*2.6)*2 -> 43.732 | H40: =G40*(1+$I$9) -> 0 | I40: =ROUND((F40*H40),2) -> 0
A41: 2.2 | B41: ATERRO E COMPACTACAO
A42: 2.2.1 | B42: 70030020 | C42: SABESP | D42: ATERRO DE VALAS, POÇOS E CAVAS COMPACTADO MECANICAMENTE, COM CONTROLE DO G.C. >= 95% DO E.N.C. (A) | E42: M³ | F42: =F40-(1.9*1.9*2.6*2) -> 24.96 | H42: =G42*(1+$I$9) -> 0 | I42: =ROUND((F42*H42),2) -> 0
A43: SUBTOTAL 2 | I43: =SUM(I40:I42) -> 0
A44: 3 | B44: SERVICOS COMPLEMENTARES EXTERNOS
A45: 3.1 | B45: RECOMPOSIÇÃO DE PASSEIO
A46: 3.1.1 | B46: 70090059 | C46: SABESP | D46: EXECUÇÃO DE PASSEIOS EM MOSAICO (A) | E46: M² | F46: =F36-(1.9*1.9) -> 4.8 | H46: =G46*(1+$I$9) -> 0 | I46: =ROUND((F46*H46),2) -> 0
A47: =CONCATENATE("SUBTOTAL ",A44) -> SUBTOTAL 3 | I47: =SUM(I46:I46) -> 0
A48: 4 | B48: INSTALAÇÃO DE MACRO MEDIDORES
A49: 4.1 | B49: INSUMOS
A50: 4.1.1 | B50: - | C50: PNCP | D50: Colar de tomada tipo meia-cana DN350 mm x 1.1/2" FoFo | E50: UND | F50: 1 | H50: =G50*(1+$I$9) -> 0 | I50: =TRUNC(F50*H50,2) -> 0
A51: 4.1.2 | B51: - | C51: PNCP | D51: Registro Esfera 1.1/2" | E51: UND | F51: 2 | H51: =G51*(1+$I$9) -> 0 | I51: =TRUNC(F51*H51,2) -> 0
A52: 4.1.3 | B52: - | C52: PNCP | D52: Medidor De Vazão Tipo Turbina- Inserção | E52: UND | F52: 2 | H52: =G52*(1+$I$9) -> 0 | I52: =TRUNC(F52*H52,2) -> 0
A53: 4.1.4 | B53: HM06175 | C53: SABESP | D53: Colar de tomada tipo meia-cana DN200 mm x 1.1/2" FoFo | E53: UND | F53: 1 | H53: =G53*(1+$I$9) -> 0 | I53: =TRUNC(F53*H53,2) -> 0
A54: 4.2 | B54: INSTALAÇÃO
A55: 4.2.1 | B55: =Composições!A52 -> COMP. 05 | C55: CPU | D55: =Composições!A51 -> INSTALAÇÃO DE MACROMEDIDOR DE VAZÃO, TIPO INSERÇÃO, NÃO INTRUSIVO, INCLUSIVE A REALIZAÇÃO DE PITOMETRIA | E55: UND | F55: 2 | H55: =G55*(1+$I$9) -> 0 | I55: =TRUNC(F55*H55,2) -> 0
A56: 4.3 | B56: ABRIGO
A57: 4.3.1 | B57: =Composições!A10 -> COMP. 01 | C57: CPU | D57: =Composições!A9 -> CAIXA PARA PROTEÇÃO PARA MACROMEDIDOR DE VAZÃO TIPO INSERÇÃO - 1,60 X 1,60 M - LOCALIZADOS EM ÁREA INTERNA | E57: UND | F57: 1 | H57: =G57*(1+$I$9) -> 0 | I57: =TRUNC(F57*H57,2) -> 0
A58: 4.3.2 | B58: =Composições!A20 -> COMP. 02 | C58: CPU | D58: =Composições!A19 -> CAIXA PARA PROTEÇÃO PARA MACROMEDIDOR DE VAZÃO TIPO INSERÇÃO - 1,60 X 1,60 M - LOCALIZADOS EM VIA PÚBLICA | E58: UND | F58: 1 | H58: =G58*(1+$I$9) -> 0 | I58: =TRUNC(F58*H58,2) -> 0
A59: SUBTOTAL 4 | I59: =SUM(I49:I58) -> 0
A60: TOTAL MACRO MEDIDORES CR-02: | I60: =I59+I47+I43+I37 -> 0
A61: CR03 - SANTA CATARINA
A62: ITEM | B62: CÓDIGO | C62: FONTE | D62: DESCRIÇÃO | E62: UNID. | F62: QUANT. | G62: PREÇO UNIT. S/BDI (R$) | H62: PREÇO UNIT. C/BDI (R$) | I62: PREÇO TOTAL (R$)
A63: 1 | B63: SERVIÇOS INICIAIS
A64: 1.1 | B64: SINALIZAÇÃO E SEGURANÇA
A65: 1.1.1 | B65: 70020004 | C65: SABESP | D65: SINALIZAÇÃO DE TRÁFEGO | E65: M | F65: 15 | H65: =G65*(1+$I$9) -> 0 | I65: =ROUND((F65*H65),2) -> 0
A66: 1.2 | B66: DEMOLICOES E RETIRADAS
A67: 1.2.1 | B67: 70090012 | C67: SABESP | D67: LEVANTAMENTO DE PAVIMENTAÇÃO DE CONCRETO NÃO ESTRUTURAL (A) | E67: M² | F67: =2.9*2.9 -> 8.41 | H67: =G67*(1+$I$9) -> 0 | I67: =ROUND((F67*H67),2) -> 0
A68: 1.3 | B68: CARGA, DESCARGA E TRANSPORTE DE ENTULHO
A69: 1.3.1 | B69: 100981 | C69: SINAPI | D69: CARGA, MANOBRA E DESCARGA DE ENTULHO EM CAMINHÃO BASCULANTE 6 M³ - CARGA COM ESCAVADEIRA HIDRÁULICA (CAÇAMBA DE 0,80 M³ / 111 HP) E DESCARGA LIVRE | E69: M³ | F69: =(F67*0.15) -> 1.2615 | H69: =G69*(1+$I$9) -> 0 | I69: =ROUND((F69*H69),2) -> 0
A70: 1.3.2 | B70: 97914 | C70: SINAPI | D70: TRANSPORTE COM CAMINHÃO BASCULANTE DE 6 M3, EM VIA URBANA PAVIMENTADA, DMT ATÉ 30 KM (UNIDADE: M3XKM). | E70: M³ x KM | F70: =F69*20 -> 25.23 | H70: =G70*(1+$I$9) -> 0 | I70: =ROUND((F70*H70),2) -> 0
A71: 1.3.3 | B71: 05.09.006 | C71: CDHU | D71: TAXA DE DESTINAÇÃO DE RESÍDUO SÓLIDO EM ATERRO | E71: T | F71: =F69*2.4 -> 3.0276 | H71: =G71*(1+$I$9) -> 0 | I71: =ROUND((F71*H71),2) -> 0
A72: =CONCATENATE("SUBTOTAL ",A63) -> SUBTOTAL 1 | I72: =SUM(I65:I71) -> 0
A73: 2 | B73: MOVIMENTO DE TERRA
A74: 2.1 | B74: ESCAVACOES, CARGAS E TRANSPORTES
A75: 2.1.1 | B75: 70030060 | C75: SABESP | D75: ESCAVAÇÃO EM QUALQUER TERRENO, EXCETO ROCHA, PROF. DE 1,25 A 3,00 M (A) | E75: M³ | F75: =(2.9*2.9*2.6)*2 -> 43.732 | H75: =G75*(1+$I$9) -> 0 | I75: =ROUND((F75*H75),2) -> 0
A76: 2.2 | B76: ATERRO E COMPACTACAO
A77: 2.2.1 | B77: 70030020 | C77: SABESP | D77: ATERRO DE VALAS, POÇOS E CAVAS COMPACTADO MECANICAMENTE, COM CONTROLE DO G.C. >= 95% DO E.N.C. (A) | E77: M³ | F77: =F75-(1.9*1.9*2.6*2) -> 24.96 | H77: =G77*(1+$I$9) -> 0 | I77: =ROUND((F77*H77),2) -> 0
A78: SUBTOTAL 2 | I78: =SUM(I75:I77) -> 0
A79: 3 | B79: SERVICOS COMPLEMENTARES EXTERNOS
A80: 3.1 | B80: RECOMPOSIÇÃO DE PASSEIO
A81: 3.1.1 | B81: 70090056 | C81: SABESP | D81: EXECUÇÃO DE PASSEIOS CIMENTADOS (A) | E81: M² | F81: =F67-(1.9*1.9) -> 4.8 | H81: =G81*(1+$I$9) -> 0 | I81: =ROUND((F81*H81),2) -> 0
A82: =CONCATENATE("SUBTOTAL ",A79) -> SUBTOTAL 3 | I82: =SUM(I81:I81) -> 0
A83: 4 | B83: INSTALAÇÃO DE MACRO MEDIDORES
A84: 4.1 | B84: INSUMOS
A85: 4.1.1 | B85: - | C85: PNCP | D85: Colar de tomada tipo meia-cana DN400 mm x 1.1/2" FoFo | E85: UND | F85: 1 | H85: =G85*(1+$I$9) -> 0 | I85: =TRUNC(F85*H85,2) -> 0
A86: 4.1.2 | B86: - | C86: PNCP | D86: Registro Esfera 1.1/2" | E86: UND | F86: 2 | H86: =G86*(1+$I$9) -> 0 | I86: =TRUNC(F86*H86,2) -> 0
A87: 4.1.3 | B87: - | C87: PNCP | D87: Medidor De Vazão Tipo Turbina- Inserção | E87: UND | F87: 2 | H87: =G87*(1+$I$9) -> 0 | I87: =TRUNC(F87*H87,2) -> 0
A88: 4.1.4 | B88: HM06175 | C88: SABESP | D88: Colar de tomada tipo meia-cana DN250 mm x 1.1/2" FoFo | E88: UND | F88: 1 | H88: =G88*(1+$I$9) -> 0 | I88: =TRUNC(F88*H88,2) -> 0
A89: 4.2 | B89: INSTALAÇÃO
A90: 4.2.1 | B90: =Composições!A52 -> COMP. 05 | C90: CPU | D90: =Composições!A51 -> INSTALAÇÃO DE MACROMEDIDOR DE VAZÃO, TIPO INSERÇÃO, NÃO INTRUSIVO, INCLUSIVE A REALIZAÇÃO DE PITOMETRIA | E90: UND | F90: 2 | H90: =G90*(1+$I$9) -> 0 | I90: =TRUNC(F90*H90,2) -> 0
A91: 4.3 | B91: ABRIGO
A92: 4.3.1 | B92: =Composições!A10 -> COMP. 01 | C92: CPU | D92: =Composições!A9 -> CAIXA PARA PROTEÇÃO PARA MACROMEDIDOR DE VAZÃO TIPO INSERÇÃO - 1,60 X 1,60 M - LOCALIZADOS EM ÁREA INTERNA | E92: UND | F92: 1 | H92: =G92*(1+$I$9) -> 0 | I92: =TRUNC(F92*H92,2) -> 0
A93: 4.3.2 | B93: =Composições!A20 -> COMP. 02 | C93: CPU | D93: =Composições!A19 -> CAIXA PARA PROTEÇÃO PARA MACROMEDIDOR DE VAZÃO TIPO INSERÇÃO - 1,60 X 1,60 M - LOCALIZADOS EM VIA PÚBLICA | E93: UND | F93: 1 | H93: =G93*(1+$I$9) -> 0 | I93: =TRUNC(F93*H93,2) -> 0
A94: SUBTOTAL 4 | I94: =SUM(I84:I93) -> 0
A95: TOTAL MACRO MEDIDORES CR-03: | I95: =I72+I78+I82+I94 -> 0
A96: CR07 - SANTA MARIA
A97: ITEM | B97: CÓDIGO | C97: FONTE | D97: DESCRIÇÃO | E97: UNID. | F97: QUANT. | G97: PREÇO UNIT. S/BDI (R$) | H97: PREÇO UNIT. C/BDI (R$) | I97: PREÇO TOTAL (R$)
A98: 1 | B98: MOVIMENTO DE TERRA
A99: 1.1 | B99: ESCAVACOES, CARGAS E TRANSPORTES
A100: 1.1.1 | B100: 70030060 | C100: SABESP | D100: ESCAVAÇÃO EM QUALQUER TERRENO, EXCETO ROCHA, PROF. DE 1,25 A 3,00 M (A) | E100: M³ | F100: =2.9*2.9*2.6 -> 21.866 | H100: =G100*(1+$I$9) -> 0 | I100: =ROUND((F100*H100),2) -> 0
A101: 1.2 | B101: ATERRO E COMPACTACAO
...

Sheet VRPS
B1: =Resumo!B1 -> ____/___/2026
C2: DEPARTAMENTO DE ÁGUA E ESGOTO DE AMERICANA
C3: Orçamento Sintético Global
C4: =MACROS!C4 -> FORNECIMENTO E INSTALAÇÃO DE MACRO MEDIDORES DE VAZÃO E VÁLVULAS REDUTORAS DE PRESSÃO E DELIMITAÇÃO DE ÁREAS DE INFLUÊNCIA
C6: =MACROS!C6 -> DATA BASE - REGIÃO: SABESP Jan/26; SINAPI/SP Jan/26; CDHU Jan/26; SBC Fev/26 ; PNPC
C7: VÁLVULAS REDUTORAS DE PRESSÃO (VRPs) E DELIMITAÇÃO DE ÁREAS DE INFLUÊNCIA
G8: Leis Sociais = | I8: 0.927
G9: BDI insumos - obras e serviços = | I9: 0.2698
A10: DELIMITAÇÃO DE ÁREAS DE INFLUÊNCIA DAS VRPs
A11: ITEM | B11: CÓDIGO | C11: FONTE | D11: DESCRIÇÃO | E11: UNID. | F11: QUANT. | G11: PREÇO UNIT. S/BDI (R$) | H11: PREÇO UNIT. C/BDI (R$) | I11: PREÇO TOTAL (R$)
A12: 1 | B12: SERVIÇOS INICIAIS
A13: 1.1 | B13: SINALIZAÇÃO E SEGURANÇA
A14: 1.1.1 | B14: 70020004 | C14: SABESP | D14: SINALIZAÇÃO DE TRÁFEGO | E14: M | F14: =(14*2)+(14*4)+(14*4)+(14*3) -> 182 | H14: =G14*(1+$I$9) -> 0 | I14: =ROUND((F14*H14),2) -> 0
A15: 1.2 | B15: DEMOLICOES E RETIRADAS
A16: 1.2.1 | B16: 97636 | C16: SINAPI | D16: DEMOLIÇÃO PARCIAL DE PAVIMENTO ASFÁLTICO, DE FORMA MECANIZADA, SEM REAPROVEITAMENTO. | E16: M² | F16: =(2*2)*7+(0.8*8)*2 -> 40.8 | H16: =G16*(1+$I$9) -> 0 | I16: =ROUND((F16*H16),2) -> 0
A17: 1.3 | B17: CARGA, DESCARGA E TRANSPORTE DE ENTULHO
A18: 1.3.1 | B18: 100981 | C18: SINAPI | D18: CARGA, MANOBRA E DESCARGA DE ENTULHO EM CAMINHÃO BASCULANTE 6 M³ - CARGA COM ESCAVADEIRA HIDRÁULICA (CAÇAMBA DE 0,80 M³ / 111 HP) E DESCARGA LIVRE | E18: M³ | F18: =(F16*0.15) -> 6.12 | H18: =G18*(1+$I$9) -> 0 | I18: =ROUND((F18*H18),2) -> 0
A19: 1.3.2 | B19: 97914 | C19: SINAPI | D19: TRANSPORTE COM CAMINHÃO BASCULANTE DE 6 M3, EM VIA URBANA PAVIMENTADA, DMT ATÉ 30 KM (UNIDADE: M3XKM). | E19: M³ x KM | F19: =F18*20 -> 122.4 | H19: =G19*(1+$I$9) -> 0 | I19: =ROUND((F19*H19),2) -> 0
A20: 1.3.3 | B20: 05.09.006 | C20: CDHU | D20: TAXA DE DESTINAÇÃO DE RESÍDUO SÓLIDO EM ATERRO | E20: T | F20: =F18*2.4 -> 14.688 | H20: =G20*(1+$I$9) -> 0 | I20: =ROUND((F20*H20),2) -> 0
A21: =CONCATENATE("SUBTOTAL ",A12) -> SUBTOTAL 1 | I21: =SUM(I14:I20) -> 0
A22: 2 | B22: MOVIMENTO DE TERRA
A23: 2.1 | B23: ESCAVACOES, CARGAS E TRANSPORTES
A24: 2.1.1 | B24: 70030060 | C24: SABESP | D24: ESCAVAÇÃO EM QUALQUER TERRENO, EXCETO ROCHA, PROF. DE 1,25 A 3,00 M (A) | E24: M³ | F24: =F16*1.3 -> 53.04 | H24: =G24*(1+$I$9) -> 0 | I24: =ROUND((F24*H24),2) -> 0
A25: 2.2 | B25: ATERRO E COMPACTACAO
A26: 2.2.1 | B26: 70030020 | C26: SABESP | D26: ATERRO DE VALAS, POÇOS E CAVAS COMPACTADO MECANICAMENTE, COM CONTROLE DO G.C. >= 95% DO E.N.C. (A) | E26: M³ | F26: =F24 -> 53.04 | H26: =G26*(1+$I$9) -> 0 | I26: =ROUND((F26*H26),2) -> 0
A27: =CONCATENATE("SUBTOTAL ",A22) -> SUBTOTAL 2 | I27: =SUM(I24:I26) -> 0
A28: 3 | B28: DRENAGEM
A29: 3.1 | B29: ESGOTAMENTO
A30: 3.1.1 | B30: 7042 | C30: SINAPI | D30: MOTOBOMBA TRASH (PARA ÁGUA SUJA) AUTO ESCORVANTE, MOTOR GASOLINA DE 6,41 HP, DIÂMETROS DE SUCÇÃO X RECALQUE: 3" X 3", HM/Q = 10 MCA / 60 M3/H A 23 MCA / 0 M3/H - CHP DIURNO | E30: H | F30: =(2*7)+(2*2) -> 18 | H30: =G30*(1+$I$9) -> 0 | I30: =ROUND((F30*H30),2) -> 0
A31: =CONCATENATE("SUBTOTAL ",A28) -> SUBTOTAL 3 | I31: =SUM(I30) -> 0
A32: 4 | B32: SERVICOS COMPLEMENTARES EXTERNOS
A33: 4.1 | B33: RECOMPOSIÇÃO DE PAVIMENTO ASFÁLTICO
A34: 4.1.1 | B34: 95995 | C34: SINAPI | D34: EXECUÇÃO DE PAVIMENTO COM APLICAÇÃO DE CONCRETO ASFÁLTICO, CAMADA DE ROLAMENTO - EXCLUSIVE CARGA E TRANSPORTE. | E34: M³ | F34: =F16*0.05 -> 2.04 | H34: =G34*(1+$I$9) -> 0 | I34: =ROUND((F34*H34),2) -> 0
A35: 4.1.2 | B35: 100985 | C35: SINAPI | D35: CARGA DE MISTURA ASFÁLTICA EM CAMINHÃO BASCULANTE 6 M³ | E35: M³ | F35: =F34 -> 2.04 | H35: =G35*(1+$I$9) -> 0 | I35: =ROUND((F35*H35),2) -> 0
A36: 4.1.3 | B36: 97914 | C36: SINAPI | D36: TRANSPORTE COM CAMINHÃO BASCULANTE DE 6 M3, EM VIA URBANA PAVIMENTADA, DMT ATÉ 30 KM (UNIDADE: M3XKM) - CBUQ | E36: M³ x KM | F36: =F34*20 -> 40.8 | H36: =G36*(1+$I$9) -> 0 | I36: =ROUND((F36*H36),2) -> 0
A37: 4.1.4 | B37: 54.03.230 | C37: CDHU | D37: IMPRIMAÇÃO BETUMINOSA LIGANTE | E37: M² | F37: =F16 -> 40.8 | H37: =G37*(1+$I$9) -> 0 | I37: =ROUND((F37*H37),2) -> 0
A38: 4.1.5 | B38: 54.03.240 | C38: CDHU | D38: IMPRIMAÇÃO BETUMINOSA IMPERMEABILIZANTE | E38: M² | F38: =F37 -> 40.8 | H38: =G38*(1+$I$9) -> 0 | I38: =ROUND((F38*H38),2) -> 0
A39: 4.1.6 | B39: 54.01.220 | C39: CDHU | D39: BASE DE BICA CORRIDA | E39: M³ | F39: =F16*0.1 -> 4.08 | H39: =G39*(1+$I$9) -> 0 | I39: =ROUND((F39*H39),2) -> 0
A40: =CONCATENATE("SUBTOTAL ",A32) -> SUBTOTAL 4 | I40: =SUM(I34:I39) -> 0
A41: 5 | B41: MATERIAIS HIDRÁULICOS
A42: 5.1 | B42: PVC/PBA - INSUMOS
A43: 5.1.1 | B43: 1206 | C43: SINAPI | D43: CAP, PVC PBA, JE, DN 50 / DE 60 MM, PARA REDE DE AGUA (NBR 10351) | E43: UND | F43: 14 | H43: =G43*(1+$I$9) -> 0 | I43: =ROUND((F43*H43),2) -> 0
A44: 5.1.2 | B44: 1831 | C44: SINAPI | D44: CURVA PVC PBA, JE, PB, 45 GRAUS, DN 50 / DE 60 MM, PARA REDE DE AGUA | E44: UND | F44: 4 | H44: =G44*(1+$I$9) -> 0 | I44: =ROUND((F44*H44),2) -> 0
A45: 5.1.3 | B45: 36378 | C45: SINAPI | D45: TUBO PVC PBA JEI, CLASSE 20, DN 50 MM, PARA REDE DE AGUA (NBR 5647) | E45: M | F45: 12 | H45: =G45*(1+$I$9) -> 0 | I45: =ROUND((F45*H45),2) -> 0
A46: 5.1.4 | B46: 325 | C46: SINAPI | D46: ANEL BORRACHA, PARA TUBO/CONEXAO PVC PBA, DN 50 MM, PARA REDE AGUA | E46: UND | F46: =F44+F43 -> 18 | H46: =G46*(1+$I$9) -> 0 | I46: =ROUND((F46*H46),2) -> 0
A47: 5.1.5 | B47: 105315 | C47: SINAPI | D47: ASSENTAMENTO DE CAP DE PVC PBA PARA REDE DE ÁGUA, DN 50, JUNTA ELÁSTICA INTEGRADA, INSTALADO EM LOCAL COM NÍVEL BAIXO DE INTERFERÊNCIAS (NÃO INCLUI FORNECIMENTO). AF_05/2024 | E47: UND | F47: =F43 -> 14 | H47: =G47*(1+$I$9) -> 0 | I47: =ROUND((F47*H47),2) -> 0
A48: 5.2 | B48: PVC/PBA - ASSENTAMENTO
A49: 5.2.1 | B49: 105293 | C49: SINAPI | D49: ASSENTAMENTO E FORNECIMENTO DE CURVA PVC PBA, JE, PB, 45 GRAUS, DN 50 / DE 60 MM, PARA REDE AGUA, JUNTA ELÁSTICA INTEGRADA, INSTALADO EM LOCAL COM NÍVEL BAIXO DE INTERFERÊNCIAS (INCLUI FORNECIMENTO). AF_05/2024 | E49: UND | F49: =F44 -> 4 | H49: =G49*(1+$I$9) -> 0 | I49: =ROUND((F49*H49),2) -> 0
A50: 5.2.2 | B50: 97121 | C50: SINAPI | D50: ASSENTAMENTO DE TUBO DE PVC PBA PARA REDE DE ÁGUA, DN 50 MM, JUNTA ELÁSTICA INTEGRADA, INSTALADO EM LOCAL COM NÍVEL ALTO DE INTERFERÊNCIAS (NÃO INCLUI FORNECIMENTO). AF_05/2024 | E50: UND | F50: =F45 -> 12 | H50: =G50*(1+$I$9) -> 0 | I50: =ROUND((F50*H50),2) -> 0
A51: SUBTOTAL 5 | I51: =SUM(I42:I50) -> 0
A52: 5.3 | B52: BLOCOS DE ANCORAGEM
A53: 5.3.1 | B53: 70070091 | C53: SABESP | D53: ANCORAGEM EM CONCRETO EM PEÇAS DIÂMETRO 60 MM | E53: UND | F53: 18 | H53: =G53*(1+$I$9) -> 0 | I53: =ROUND((F53*H53),2) -> 0
A54: SUBTOTAL 6 | I54: =SUM(I53) -> 0
A55: TOTAL GERAL: | I55: =I54+I51+I40+I31+I27+I21 -> 0
A56: VÁLVULAS REDUTORAS DE PRESSÃO (VRPs)
A57: VRP PRAIA DOS NAMORADOS
A58: ITEM | B58: CÓDIGO | C58: FONTE | D58: DESCRIÇÃO | E58: UNID. | F58: QUANT. | G58: PREÇO UNIT. S/BDI (R$) | H58: PREÇO UNIT. C/BDI (R$) | I58: PREÇO TOTAL (R$)
A59: 1 | B59: SERVIÇOS INICIAIS
A60: 1.1 | B60: SINALIZAÇÃO E SEGURANÇA
A61: 1.1.1 | B61: 70020004 | C61: SABESP | D61: SINALIZAÇÃO DE TRÁFEGO | E61: M | F61: 30 | H61: =G61*(1+$I$9) -> 0 | I61: =ROUND((F61*H61),2) -> 0
A62: 1.2 | B62: DEMOLICOES E RETIRADAS
A63: 1.2.1 | B63: 97636 | C63: SINAPI | D63: DEMOLIÇÃO PARCIAL DE PAVIMENTO ASFÁLTICO, DE FORMA MECANIZADA, SEM REAPROVEITAMENTO. | E63: M² | F63: =2*7.5 -> 15 | H63: =G63*(1+$I$9) -> 0 | I63: =ROUND((F63*H63),2) -> 0
A64: 1.3 | B64: CARGA, DESCARGA E TRANSPORTE DE ENTULHO
A65: 1.3.1 | B65: 100981 | C65: SINAPI | D65: CARGA, MANOBRA E DESCARGA DE ENTULHO EM CAMINHÃO BASCULANTE 6 M³ - CARGA COM ESCAVADEIRA HIDRÁULICA (CAÇAMBA DE 0,80 M³ / 111 HP) E DESCARGA LIVRE | E65: M³ | F65: =(F63*0.15) -> 2.25 | H65: =G65*(1+$I$9) -> 0 | I65: =ROUND((F65*H65),2) -> 0
A66: 1.3.2 | B66: 97914 | C66: SINAPI | D66: TRANSPORTE COM CAMINHÃO BASCULANTE DE 6 M3, EM VIA URBANA PAVIMENTADA, DMT ATÉ 30 KM (UNIDADE: M3XKM). | E66: M³ x KM | F66: =F65*20 -> 45 | H66: =G66*(1+$I$9) -> 0 | I66: =ROUND((F66*H66),2) -> 0
A67: 1.3.3 | B67: 05.09.006 | C67: CDHU | D67: TAXA DE DESTINAÇÃO DE RESÍDUO SÓLIDO EM ATERRO | E67: T | F67: =F65*2.4 -> 5.4 | H67: =G67*(1+$I$9) -> 0 | I67: =ROUND((F67*H67),2) -> 0
A68: =CONCATENATE("SUBTOTAL ",A59) -> SUBTOTAL 1 | I68: =SUM(I61:I67) -> 0
A69: 2 | B69: MOVIMENTO DE TERRA
A70: 2.1 | B70: ESCAVACOES, CARGAS E TRANSPORTES
A71: 2.1.1 | B71: 70030060 | C71: SABESP | D71: ESCAVAÇÃO EM QUALQUER TERRENO, EXCETO ROCHA, PROF. DE 1,25 A 3,00 M (A) | E71: M³ | F71: =(F63*1.3)+(2.5*2*1.3) -> 26 | H71: =G71*(1+$I$9) -> 0 | I71: =ROUND((F71*H71),2) -> 0
A72: 2.2 | B72: ATERRO E COMPACTACAO
A73: 2.2.1 | B73: 70030020 | C73: SABESP | D73: ATERRO DE VALAS, POÇOS E CAVAS COMPACTADO MECANICAMENTE, COM CONTROLE DO G.C. >= 95% DO E.N.C. (A) | E73: M³ | F73: =F71-(2*1.2*0.4) -> 25.04 | H73: =G73*(1+$I$9) -> 0 | I73: =ROUND((F73*H73),2) -> 0
A74: =CONCATENATE("SUBTOTAL ",A69) -> SUBTOTAL 2 | I74: =SUM(I71:I73) -> 0
A75: 3 | B75: DRENAGEM
A76: 3.1 | B76: ESGOTAMENTO
A77: 3.1.1 | B77: 7042 | C77: SINAPI | D77: MOTOBOMBA TRASH (PARA ÁGUA SUJA) AUTO ESCORVANTE, MOTOR GASOLINA DE 6,41 HP, DIÂMETROS DE SUCÇÃO X RECALQUE: 3" X 3", HM/Q = 10 MCA / 60 M3/H A 23 MCA / 0 M3/H - CHP DIURNO | E77: H | F77: 2 | H77: =G77*(1+$I$9) -> 0 | I77: =ROUND((F77*H77),2) -> 0
A78: =CONCATENATE("SUBTOTAL ",A75) -> SUBTOTAL 3 | I78: =SUM(I77) -> 0
A79: 4 | B79: SERVICOS COMPLEMENTARES EXTERNOS
A80: 4.1 | B80: RECOMPOSIÇÃO DE PAVIMENTO ASFÁLTICO
A81: 4.1.1 | B81: 95995 | C81: SINAPI | D81: EXECUÇÃO DE PAVIMENTO COM APLICAÇÃO DE CONCRETO ASFÁLTICO, CAMADA DE ROLAMENTO - EXCLUSIVE CARGA E TRANSPORTE. | E81: M³ | F81: =F63*0.05 -> 0.75 | H81: =G81*(1+$I$9) -> 0 | I81: =ROUND((F81*H81),2) -> 0
A82: 4.1.2 | B82: 100985 | C82: SINAPI | D82: CARGA DE MISTURA ASFÁLTICA EM CAMINHÃO BASCULANTE 6 M³ | E82: M³ | F82: =F81 -> 0.75 | H82: =G82*(1+$I$9) -> 0 | I82: =ROUND((F82*H82),2) -> 0
A83: 4.1.3 | B83: 97914 | C83: SINAPI | D83: TRANSPORTE COM CAMINHÃO BASCULANTE DE 6 M3, EM VIA URBANA PAVIMENTADA, DMT ATÉ 30 KM (UNIDADE: M3XKM) - CBUQ | E83: M³ x KM | F83: =F81*20 -> 15 | H83: =G83*(1+$I$9) -> 0 | I83: =ROUND((F83*H83),2) -> 0
A84: 4.1.4 | B84: 54.03.230 | C84: CDHU | D84: IMPRIMAÇÃO BETUMINOSA LIGANTE | E84: M² | F84: =F63 -> 15 | H84: =G84*(1+$I$9) -> 0 | I84: =ROUND((F84*H84),2) -> 0
A85: 4.1.5 | B85: 54.03.240 | C85: CDHU | D85: IMPRIMAÇÃO BETUMINOSA IMPERMEABILIZANTE | E85: M² | F85: =F84 -> 15 | H85: =G85*(1+$I$9) -> 0 | I85: =ROUND((F85*H85),2) -> 0
A86: 4.1.6 | B86: 54.01.220 | C86: CDHU | D86: BASE DE BICA CORRIDA | E86: M³ | F86: =F63*0.1 -> 1.5 | H86: =G86*(1+$I$9) -> 0 | I86: =ROUND((F86*H86),2) -> 0
A87: =CONCATENATE("SUBTOTAL ",A79) -> SUBTOTAL 4 | I87: =SUM(I81:I86) -> 0
A88: 5 | B88: ABRIGO DA VRP
A89: 5.1 | B89: FUNDAÇÃO
A90: 5.1.1 | B90: 70070039 | C90: SABESP | D90: BROCA DE CONCRETO, DIÂMETRO 15 CM | E90: M | F90: 2 | H90: =G90*(1+$I$9) -> 0 | I90: =ROUND((F90*H90),2) -> 0
A91: 5.1.2 | B91: 70070142 | C91: SABESP | D91: CONCRETO NÃO ESTRUTURAL - MÍNIMO 150 KG DE CIMENTO/M³ | E91: M³ | F91: =1.99*1.19*0.39 -> 0.923559 | H91: =G91*(1+$I$9) -> 0 | I91: =ROUND((F91*H91),2) -> 0
A92: 5.1.3 | B92: 70110024 | C92: SABESP | D92: ALVENARIA DE BLOCOS ESTRUTURAIS DE CONCRETO 19 X 19 X 39 CM | E92: M² | F92: =((1.19*2)+(1.99*2))*0.39 -> 2.4804 | H92: =G92*(1+$I$9) -> 0 | I92: =ROUND((F92*H92),2) -> 0
A93: 5.2 | B93: ALVENARIA DE VEDAÇÃO
A94: 5.2.1 | B94: 70110013 | C94: SABESP | D94: ALVENARIA DE ELEVAÇÃO, BLOCOS DE CONCRETO 14 X 19 X 39 CM | E94: M² | F94: =(1.6+0.6+0.6)*1.8 -> 5.04 | H94: =G94*(1+$I$9) -> 0 | I94: =ROUND((F94*H94),2) -> 0
A95: 5.3 | B95: LAJE PRÉ-MOLDADA
A96: 5.3.1 | B96: 70070126 | C96: SABESP | D96: FÔRMA DE MADEIRA - COMUM | E96: M² | F96: =(1.6*0.95)+(1.6+1.6+0.95+0.95)*0.1 -> 2.03 | H96: =G96*(1+$I$9) -> 0 | I96: =ROUND((F96*H96),2) -> 0
A97: 5.3.2 | B97: 70070142 | C97: SABESP | D97: CONCRETO NÃO ESTRUTURAL - MÍNIMO 150 KG DE CIMENTO/M³ | E97: M³ | F97: =1.6*0.95*0.1 -> 0.152 | H97: =G97*(1+$I$9) -> 0 | I97: =ROUND((F97*H97),2) -> 0
A98: SUBTOTAL 5 | I98: =SUM(I89:I97) -> 0
A99: 6 | B99: INSTALAÇÃO DE VRP
A100: 6.1 | B100: CONEXÕES EM AÇO
A101: 6.1.1 | B101: HM07199 | C101: SABESP | D101: CURVA 90º FÊMEA DN 2" COM ROSCA - AÇO GALVANIZADO | E101: UND | F101: 2 | H101: =G101*(1+$I$9) -> 0 | I101: =ROUND((F101*H101),2) -> 0
...

Sheet Composições
B1: =VRPS!B1 -> ____/___/2026
B2: DEPARTAMENTO DE ÁGUA E ESGOTO DE AMERICANA
B3: Orçamento Sintético Global
B4: =VRPS!C4 -> FORNECIMENTO E INSTALAÇÃO DE MACRO MEDIDORES DE VAZÃO E VÁLVULAS REDUTORAS DE PRESSÃO E DELIMITAÇÃO DE ÁREAS DE INFLUÊNCIA
B5: Composições de Preços Unitários
B6: =Resumo!B7 -> DATA BASE - REGIÃO: SABESP Jan/26; SINAPI/SP Jan/26; CDHU Jan/26; SBC Fev/26 ; PNPC
A9: CAIXA PARA PROTEÇÃO PARA MACROMEDIDOR DE VAZÃO TIPO INSERÇÃO - 1,60 X 1,60 M - LOCALIZADOS EM ÁREA INTERNA
A10: COMP. 01
A11: Código | B11: Descrição | C11: Unid. | D11: Coeficiente | E11: Preço Unitário (R$) | F11: Total (R$)
A12: SINAPI 100324 | B12: LASTRO COM MATERIAL GRANULAR (PEDRA BRITADA N.1 E PEDRA BRITADA N.2), APLICADO EM PISOS OU LAJES SOBRE SOLO, ESPESSURA DE *10 CM*. AF_01/2024 | C12: M3 | D12: =1.9*1.9*0.1 -> 0.361 | F12: =ROUND((D12*E12),2) -> 0
A13: SABESP 70110172 | B13: GRADE DE PISO PULTRUDADA PRFV (FIBRA DE VIDRO) H=38 MM VÃO 38X150 MM INCLUINDO QUADRO DE APOIO (NTS 330) | C13: M2 | D13: =1.75*1.75 -> 3.0625 | F13: =ROUND((D13*E13),2) -> 0
A14: SINAPI 89478 | B14: ALVENARIA DE BLOCOS DE CONCRETO ESTRUTURAL 14X19X29 CM (ESPESSURA 14 CM), FBK = 4,5 MPA, UTILIZANDO COLHER DE PEDREIRO. AF_10/2022 | C14: M2 | D14: =(1.6+1.6+1.9+1.9)*2.5 -> 17.5 | F14: =ROUND((D14*E14),2) -> 0
A15: SINAPI 90283 | B15: GRAUTE FGK=20 MPA; TRAÇO 1:1,8:2,1:0,4 (EM MASSA SECA DE CIMENTO/ AREIA GROSSA/ BRITA 0/ ADITIVO) - PREPARO MECÂNICO COM BETONEIRA 400 L. AF_09/2021 | C15: M3 | D15: =(0.15*0.15*2.5*8)+(1.6*0.15*0.2*8) -> 0.834 | F15: =ROUND((D15*E15),2) -> 0
A16: 24.03.060 CDHU | B16: ESCADA TIPO MARINHEIRO EM AÇO GALVANIZADO | C16: M | D16: 2 | F16: =ROUND((D16*E16),2) -> 0
A17: Total (R$) | F17: =SUM(F12:F16) -> 0
A19: CAIXA PARA PROTEÇÃO PARA MACROMEDIDOR DE VAZÃO TIPO INSERÇÃO - 1,60 X 1,60 M - LOCALIZADOS EM VIA PÚBLICA
A20: COMP. 02
A21: Código | B21: Descrição | C21: Unid. | D21: Coeficiente | E21: Preço Unitário (R$) | F21: Total (R$)
A22: SINAPI 100324 | B22: LASTRO COM MATERIAL GRANULAR (PEDRA BRITADA N.1 E PEDRA BRITADA N.2), APLICADO EM PISOS OU LAJES SOBRE SOLO, ESPESSURA DE *10 CM*. AF_01/2024 | C22: M3 | D22: =1.9*1.9*0.1 -> 0.361 | F22: =ROUND((D22*E22),2) -> 0
A23: SINAPI 89478 | B23: ALVENARIA DE BLOCOS DE CONCRETO ESTRUTURAL 14X19X29 CM (ESPESSURA 14 CM), FBK = 4,5 MPA, UTILIZANDO COLHER DE PEDREIRO. AF_10/2022 | C23: M2 | D23: =(1.6+1.6+1.9+1.9)*2.5 -> 17.5 | F23: =ROUND((D23*E23),2) -> 0
A24: SINAPI 90283 | B24: GRAUTE FGK=20 MPA; TRAÇO 1:1,8:2,1:0,4 (EM MASSA SECA DE CIMENTO/ AREIA GROSSA/ BRITA 0/ ADITIVO) - PREPARO MECÂNICO COM BETONEIRA 400 L. AF_09/2021 | C24: M3 | D24: =(0.15*0.15*2.5*8)+(1.6*0.15*0.2*8) -> 0.834 | F24: =ROUND((D24*E24),2) -> 0
A25: SABESP 70070237 | B25: LAJE DE TAMPA EM CONCRETO ARMADO | C25: M3 | D25: =(1.9*1.9*0.25)-(3.1416*0.3*0.3*0.25) -> 0.831814 | F25: =ROUND((D25*E25),2) -> 0
A26: SABESP 70070230 | B26: ASSENTAMENTO DE TAMPAO DE FERRO FUNDIDO 600 MM | C26: UN. | D26: 1 | F26: =ROUND((D26*E26),2) -> 0
A27: SINAPI 21090 | B27: TAMPAO FOFO ARTICULADO, COM BASE / REQUADRO, CLASSE D400 CARGA MAX 40 T, REDONDO, TAMPA 600 MM (COM INSCRICAO EM RELEVO DO TIPO DE REDE) | C27: UN. | D27: 1 | F27: =ROUND((D27*E27),2) -> 0
A28: 24.03.060 CDHU | B28: ESCADA TIPO MARINHEIRO EM AÇO GALVANIZADO | C28: M | D28: 2 | F28: =ROUND((D28*E28),2) -> 0
A29: Total (R$) | F29: =SUM(F22:F28) -> 0
A31: CAIXA PARA PROTEÇÃO PARA MACROMEDIDOR DE VAZÃO TIPO INSERÇÃO - 4,00 X 3,00 M - LOCALIZADOS EM ÁREA INTERNA
A32: COMP. 03
A33: Código | B33: Descrição | C33: Unid. | D33: Coeficiente | E33: Preço Unitário (R$) | F33: Total (R$)
A34: SINAPI 100324 | B34: LASTRO COM MATERIAL GRANULAR (PEDRA BRITADA N.1 E PEDRA BRITADA N.2), APLICADO EM PISOS OU LAJES SOBRE SOLO, ESPESSURA DE *10 CM*. AF_01/2024 | C34: M3 | D34: =4*3*0.1 -> 1.2 | F34: =ROUND((D34*E34),2) -> 0
A35: SABESP 70110172 | B35: GRADE DE PISO PULTRUDADA PRFV (FIBRA DE VIDRO) H=38 MM VÃO 38X150 MM INCLUINDO QUADRO DE APOIO (NTS 330) | C35: M2 | D35: =4.15*3.15 -> 13.0725 | F35: =ROUND((D35*E35),2) -> 0
A36: SINAPI 89478 | B36: ALVENARIA DE BLOCOS DE CONCRETO ESTRUTURAL 14X19X29 CM (ESPESSURA 14 CM), FBK = 4,5 MPA, UTILIZANDO COLHER DE PEDREIRO. AF_10/2022 | C36: M2 | D36: =(4.3+4.3+3+3)*2.5 -> 36.5 | F36: =ROUND((D36*E36),2) -> 0
A37: SINAPI 90283 | B37: GRAUTE FGK=20 MPA; TRAÇO 1:1,8:2,1:0,4 (EM MASSA SECA DE CIMENTO/ AREIA GROSSA/ BRITA 0/ ADITIVO) - PREPARO MECÂNICO COM BETONEIRA 400 L. AF_09/2021 | C37: M3 | D37: =(0.15*0.15*2.5*10)+(3*0.15*0.2*4)+(4*0.15*0.2*4) -> 1.4025 | F37: =ROUND((D37*E37),2) -> 0
A38: 24.03.060 CDHU | B38: ESCADA TIPO MARINHEIRO EM AÇO GALVANIZADO | C38: M | D38: 2 | F38: =ROUND((D38*E38),2) -> 0
A39: Total (R$) | F39: =SUM(F34:F37) -> 0
A41: AMPLIAÇÃO DE CAIXA PARA PROTEÇÃO PARA MACROMEDIDOR DE VAZÃO TIPO INSERÇÃO - CR-09
A42: COMP. 04
A43: Código | B43: Descrição | C43: Unid. | D43: Coeficiente | E43: Preço Unitário (R$) | F43: Total (R$)
A44: SINAPI 100324 | B44: LASTRO COM MATERIAL GRANULAR (PEDRA BRITADA N.1 E PEDRA BRITADA N.2), APLICADO EM PISOS OU LAJES SOBRE SOLO, ESPESSURA DE *10 CM*. AF_01/2024 | C44: M3 | D44: =1.15*2.3*0.1 -> 0.2645 | F44: =ROUND((D44*E44),2) -> 0
A45: SABESP 70110172 | B45: GRADE DE PISO PULTRUDADA PRFV (FIBRA DE VIDRO) H=38 MM VÃO 38X150 MM INCLUINDO QUADRO DE APOIO (NTS 330) | C45: M2 | D45: =3.3*2.15 -> 7.095 | F45: =ROUND((D45*E45),2) -> 0
A46: SINAPI 89478 | B46: ALVENARIA DE BLOCOS DE CONCRETO ESTRUTURAL 14X19X29 CM (ESPESSURA 14 CM), FBK = 4,5 MPA, UTILIZANDO COLHER DE PEDREIRO. AF_10/2022 | C46: M2 | D46: =(1+1+2.3)*2.5 -> 10.75 | F46: =ROUND((D46*E46),2) -> 0
A47: SINAPI 90283 | B47: GRAUTE FGK=20 MPA; TRAÇO 1:1,8:2,1:0,4 (EM MASSA SECA DE CIMENTO/ AREIA GROSSA/ BRITA 0/ ADITIVO) - PREPARO MECÂNICO COM BETONEIRA 400 L. AF_09/2021 | C47: M3 | D47: =(0.15*0.15*2.5*6)+(2.3*0.15*0.2*2) -> 0.4755 | F47: =ROUND((D47*E47),2) -> 0
A48: 24.03.060 CDHU | B48: ESCADA TIPO MARINHEIRO EM AÇO GALVANIZADO | C48: M | D48: 2 | F48: =ROUND((D48*E48),2) -> 0
A49: Total (R$) | F49: =SUM(F44:F47) -> 0
A51: INSTALAÇÃO DE MACROMEDIDOR DE VAZÃO, TIPO INSERÇÃO, NÃO INTRUSIVO, INCLUSIVE A REALIZAÇÃO DE PITOMETRIA
A52: COMP. 05
A53: Código | B53: Descrição | C53: Unid. | D53: Coeficiente | E53: Preço Unitário (R$) | F53: Total (R$)
A54: SINAPI 88279 | B54: MONTADOR ELETROMECÂNICO COM ENCARGOS COMPLEMENTARES | C54: H | D54: =8*3 -> 24 | F54: =ROUND((D54*E54),2) -> 0
A55: SABESP MO00035 | B55: ENGENHEIRO PLENO | C55: H | D55: 16 | F55: =ROUND((D55*E55),2) -> 0
A56: SINAPI 88243 | B56: AJUDANTE ESPECIALIZADO COM ENCARGOS COMPLEMENTARES | C56: H | D56: =8*4 -> 32 | F56: =ROUND((D56*E56),2) -> 0
A57: Total (R$) | F57: =SUM(F54:F56) -> 0

Sheet Cronograma 
C1: DEPARTAMENTO DE AGUA E ESGOTO DE AMERICANA
C2: CONTRATAÇÃO PARA FORNECIMENTO E INSTALAÇÃO DE MACRO MEDIDORES DE VAZÃO E VÁLVULAS REDUTORAS DE PRESSÃO DO SISTEMA DE DISTRIBUIÇÃO DE ÁGUA DO MUNICÍPIO DE AMERICANA/SP
C3: Cronograma Físico-Financeiro
C4: =VRPS!C6 -> DATA BASE - REGIÃO: SABESP Jan/26; SINAPI/SP Jan/26; CDHU Jan/26; SBC Fev/26 ; PNPC
A6: ITEM | B6: DISCRIMINAÇÃO DE ATIVIDADES | D6: VALORES (R$) | E6: MÊS 1 | F6: MÊS 2 | G6: MÊS 3 | H6: MÊS 4 | I6: TOTAL (R$)
A7: 1 | B7: SERVIÇOS PRELIMINARES | D7: =Resumo!H11 -> 0 | E7: =$D$7/4 -> 0 | F7: =$D$7/4 -> 0 | G7: =$D$7/4 -> 0 | H7: =$D$7/4 -> 0 | I7: =SUM(E7:H7) -> 0
A9: 2 | B9: MACRO MEDIDORES | D9: =Resumo!H12 -> 0 | E9: =$D$9/4 -> 0 | F9: =$D$9/4 -> 0 | G9: =$D$9/4 -> 0 | H9: =$D$9/4 -> 0 | I9: =SUM(E9:H9) -> 0
A11: 3 | B11: VÁLVULAS REDUTORAS DE PRESSÃO | D11: =Resumo!H13 -> 0 | E11: =$D$11/4 -> 0 | F11: =$D$11/4 -> 0 | G11: =$D$11/4 -> 0 | H11: =$D$11/4 -> 0 | I11: =SUM(E11:H11) -> 0
A13: TOTAIS EM R$ | D13: =SUM(D7:D12) -> 0 | E13: =(SUM(E7:E11)) -> 0 | F13: =(SUM(F7:F11)) -> 0 | G13: =(SUM(G7:G11)) -> 0 | H13: =(SUM(H7:H11)) -> 0 | I13: =SUM(E13:H13)+0.01 -> 0.01
A14: TOTAIS EM % | D14: 1 | E14: =E13/$I$13 -> 0 | F14: =F13/$I$13 -> 0 | G14: =G13/$I$13 -> 0 | H14: =H13/$I$13 -> 0 | I14: =SUM(E14:H14) -> 0

Sheet Cotação
A1: =Resumo!B1 -> ____/___/2026
B2: DEPARTAMENTO DE ÁGUA E ESGOTO DE AMERICANA
B3: CONTRATAÇÃO PARA FORNECIMENTO E INSTALAÇÃO DE MACRO MEDIDORES DE VAZÃO E VÁLVULAS REDUTORAS DE PRESSÃO DO SISTEMA DE DISTRIBUIÇÃO DE ÁGUA DO MUNICÍPIO DE AMERICANA/SP
B4: =[1]Frezarim!C5 -> Orçamento Sintético Global
B5: Cotações
A8: 1.0 | B8: MACRO MEDIDORES TIPO TURBINA DE INSERÇÃO - RESERVATÓRIOS | F8: VALOR UNITÁRIO
A9: ITEM | B9: DISCRIMINAÇÃO | C9: FANUEL | D9: MECALTEC | E9: MERCADO LIVRE
A10: 1.1 | B10: Colar de tomada tipo meia-cana DN150 mm x 1.1/2" FoFo | C10: 166 | D10: 653 | F10: =MEDIAN(C10:E10) -> 409.5
A11: 1.2 | B11: Colar de tomada tipo meia-cana DN200 mm x 1.1/2" FoFo | C11: 193 | D11: 755 | F11: =MEDIAN(C11:E11) -> 474
A12: 1.3 | B12: Colar de tomada tipo meia-cana DN250 mm x 1.1/2" FoFo | C12: 215 | D12: 962 | F12: =MEDIAN(C12:E12) -> 588.5
A13: 1.4 | B13: Colar de tomada tipo meia-cana DN300 mm x 1.1/2" FoFo | C13: 254 | D13: 1070 | F13: =MEDIAN(C13:E13) -> 662
A14: 1.5 | B14: Colar de tomada tipo meia-cana DN350 mm x 1.1/2" FoFo | C14: 525 | D14: 1182 | F14: =MEDIAN(C14:E14) -> 853.5
A15: 1.6 | B15: Colar de tomada tipo meia-cana DN400 mm x 1.1/2" FoFo | C15: 558.6 | D15: 1290 | F15: =MEDIAN(C15:E15) -> 924.3
A16: 1.7 | B16: Colar de tomada tipo meia-cana DN500 mm x 1.1/2" FoFo | C16: 890 | D16: 1524 | F16: =MEDIAN(C16:E16) -> 1207
A17: ITEM | B17: DISCRIMINAÇÃO | C17: TECNOFLUID | F17: VALOR UNITÁRIO
A18: 1.8 | B18: Medidor De Vazão Tipo Turbina- Inserção | C18: 12881 | F18: =MEDIAN(C18:E18) -> 12881
A19: ITEM | B19: DISCRIMINAÇÃO | C19: PNCP - Pref. Sete Barras/SP | F19: VALOR UNITÁRIO
A20: 1.9 | B20: Registro Esfera 1.1/2" | C20: 34.82 | F20: =MEDIAN(C20:E20) -> 34.82
A21: 2.0 | B21: MACRO MEDIDORES ELETROMAGNÉTICOS DE INSERÇÃO - ETA I | F21: VALOR UNITÁRIO
A22: ITEM | B22: DISCRIMINAÇÃO | C22: PNCP - SIMAE JHL/SC | F22: VALOR UNITÁRIO
A23: 2.2 | B23: PITOMETRIA (PERFIL DE VELOCIDADES) - MANÔMETRO DIGITAL - ESCALA 0 A 250 MCA | C23: 4103.39 | F23: =MEDIAN(C23:E23) -> 4103.39
A24: 3.0 | B24: MACRO MEDIDORES CARRETEL ELETROMAGNÉTICOS - ETA II | F24: VALOR UNITÁRIO
A25: ITEM | B25: DISCRIMINAÇÃO | C25: TECNOFLUID | D25: EMPRESA X | E25: EMPRESA X
A26: 3.1 | B26: MEDIDOR DE VAZÃO CARRETEL ELETROMAGNÉTICO | C26: 24254 | F26: =MEDIAN(C26:E26) -> 24254
